 Dungeon Crawl Stone Soup version 0.19-a0-1899-g2d93087 (webtiles) character file.

200 Zhenya24pyc the Covered (level 5, -3/34 HPs)
             Began as a Gargoyle Fighter on Oct 20, 2016.
             Killed by divine providence
             ... invoked by an orc priest
              (12 damage)
             ... on level 3 of the Dungeon.
             The game lasted 00:02:59 (2171 turns).

Zhenya24pyc the Covered (Gargoyle Fighter)          Turns: 2171, Time: 00:03:00

Health: -3/34      AC: 11    Str: 21    XL:     5   Next: 78%
Magic:  5/5        EV:  7    Int:  8    God:
Gold:   139        SH:  9    Dex:  9    Spells: 0 memorised, 4 levels left

rFire  . . .     SeeInvis .     n - +0 mace (crush)
rCold  + . .     Gourm    .     b - +0 scale mail
rNeg   + . .     Faith    .     c - +0 shield
rPois  ∞         Spirit   .     (no helmet)
rElec  +         Reflect  .     (no cloak)
rCorr  .         Harm     .     (no gloves)
MR     .....                    (no boots)
Stlth  ..........               (no amulet)
                                (no ring)
                                r - ring of protection from cold

@: no status effects
A: negative energy resistance 1, electricity resistance, unbreathing,
petrification resistance, rot immunity, AC +4
a: no special abilities


You were on level 3 of the Dungeon.
You were not hungry.

You visited 1 branch of the dungeon, and saw 3 of its levels.

You collected 139 gold pieces.

Inventory:

Hand Weapons
 n - a +0 mace of crushing (weapon)
Armour
 b - a +0 scale mail (worn)
 c - a +0 shield (worn)
Jewellery
 r - a ring of protection from cold (left hand)
Scrolls
 e - a scroll of teleportation {unknown}
 g - 4 scrolls of remove curse {unknown}
 h - 2 scrolls of recharging {unknown}
 j - 6 scrolls of identify {unknown}
 m - a scroll of amnesia {unknown}
 p - a scroll of magic mapping {unknown}
 s - a scroll of fear {unknown}
 t - a scroll of fog {unknown}
Potions
 a - a potion of brilliance {unknown}
 d - a potion of might
 i - a potion of curing {unknown}
 k - 3 potions of degeneration {unknown}
 l - a potion of flight {unknown}
 o - a potion of berserk rage {unknown}
 u - a potion of lignification {unknown}
 v - a potion of beneficial mutation {unknown}
Comestibles
 f - 2 bread rations
 q - 2 meat rations


   Skills:
 + Level 4.4 Fighting
 * Level 4.2 Maces & Flails
 + Level 4.4 Armour
 - Level 3.2 Shields


You had 4 spell levels left.
You didn't know any spells.

Dungeon Overview and Level Annotations

Branches:
Dungeon (3/15)

Altars:
Trog


Innate Abilities, Weirdness & Mutations

You are resistant to torment.
Your stone body is resilient. (AC +4)
You are immune to poison.
You resist negative energy. (rN+)
You are resistant to electric shocks. (rElec)
You can survive without breathing.
You are immune to petrification.
You are immune to rotting.


Message History

You block the adder's attack. The adder bites you but does no damage.
You thump the adder!
The adder is almost dead.
The adder bites you but does no damage.
Your shield prevents you from hitting the adder.
The adder is almost dead.
The adder bites you but does no damage.
The orc wizard begins to cast a cantrip, but forgets the words!
The adder closely misses you.
You miss the adder.
The adder is almost dead.
The adder bites you but does no damage. x2
You hit the adder.
You kill the adder!
The orc wizard gestures wildly while chanting.
The adder bites you but does no damage.
You miss the adder.
The orc priest mumbles some strange prayers to Beogh against you.
Beogh smites you!
You die...

##########
#######........#
#....##........#
##
#....##........#
.#
#)...##........#
.#
##....##........#
.#
#.(...#####†..###
.###...†.# #.#@#
...(.....#####.#S#
.####..........#o#
.# #.....######o#
## #.....# #o....#
#####.# ##o.###
#.# ..# #.# ..#
#.# ..#


You could see an orc priest, an orc wizard, an adder and 2 orcs.

Vanquished Creatures
  Terence (D:2)
  10 adders
  An ooze (D:2)
  A worm (D:2)
  3 dart slugs
  A leopard gecko (D:2)
  5 orcs (D:3)
  12 bats
  4 giant cockroaches
  9 goblins
  9 hobgoblins
  6 kobolds
  2 ball pythons
  3 frilled lizards
  5 rats
72 creatures vanquished.

Notes
Turn   | Place    | Note
-------+----------+-------------------------------------------
     0 | D:1      | Zhenya24pyc the Gargoyle Fighter began the quest for the Orb.
     0 | D:1      | Reached XP level 1. HP: 14/14 MP: 1/1
   139 | D:1      | Reached XP level 2. HP: 19/19 MP: 2/2
   665 | D:1      | Reached XP level 3. HP: 20/23 MP: 3/3
   930 | D:2      | Noticed Terence
   939 | D:2      | Killed Terence
   939 | D:2      | Reached XP level 4. HP: 15/29 MP: 4/4
  1585 | D:2      | Reached XP level 5. HP: 33/33 MP: 5/5
  1734 | D:2      | Found a bloodstained altar of Trog.
  2171 | D:3      | Killed from afar by an orc priest

Vault maps used:
D:1:      lemuel_arrival_river_ford, serial_corexii_hall,
          corexii_hall_statues_x, corexii_hall_statues_s
D:2:      lemuel_doored_altar, first_bread, uniq_terence
D:3:      lemuel_crystal_altar

Skill      XL: |  1  2  3  4  5 |
---------------+----------------+-----
Maces & Flails | 3 4 |  4.2
Fighting       | 4 |  4.4
Armour         | 4 |  4.4
Shields        | |  3.2

Action                   |  1- 3 |  4- 6 || total
-------------------------+-------+-------++-------
Melee: Flail             |   114 |    18 ||   132
       Mace              |       |   182 ||   182
  Eat: Chunk             |       |     5 ||     5
Armor: Scale mail        |    72 |   131 ||   203
Dodge: Dodged            |    48 |    76 ||   124
Block: Shield            |    74 |   123 ||   197
